 Dungeon Crawl Stone Soup version 0.31.0-32-g396128a36d (webtiles) character file.

Game seed: 10525433106679740732

18181 Fractals the Fighter (level 12, -5/84 HPs)
             Began as a Gargoyle Monk on Apr 13, 2024.
             Was a High Priest of the Shining One.
             Slain by Sonja
             ... wielding a +1 short sword of distortion
              (20 damage)
             ... on level 2 of the Lair of Beasts.
             The game lasted 00:29:39 (14478 turns).

Fractals the Fighter (Gargoyle Monk)               Turns: 14478, Time: 00:29:40

Health: -5/84      AC: 25    Str: 24    XL:     12   Next: 55%
Magic:  19/19      EV: 15    Int: 13    God:    the Shining One [*****.]
Gold:   1056       SH:  5    Dex: 12    Spells: 11/11 levels left

rFire   . . .        n - +4 flail
rCold   . . .        u - +0 buckler
rNeg    + + +        b - +0 chain mail
rPois   ∞            o - +0 hat {Will+}
rElec   +            G - +2 cloak
rCorr   .            f - +0 pair of gloves
SInv    .            g - +0 pair of boots
Will    +....        (no amulet) Stlth
                     q - +5 ring of evasion
HPRegen 0.34/turn    c - +6 ring of strength
MPRegen 0.16/turn

%: no passive effects
@: glowing
A: sickness immunity, AC +8, negative energy resistance 1, electricity
resistance, torment resistance 1, petrification resistance
a: Renounce Religion, Divine Shield, Cleansing Flame, Summon Divine Warrior


You were on level 2 of the Lair of Beasts.
You worshipped the Shining One.
The Shining One was extremely pleased with you.
You visited 3 branches of the dungeon, and saw 14 of its levels.

You collected 1079 gold pieces.
You donated 23 gold pieces to Zin.

Inventory:

Hand Weapons
 i - a +3 flail of holy wrath
 n - a +4 flail (weapon)
 y - a +2 morningstar
 z - a +0 war axe
Armour
 b - a +0 chain mail (worn)
 f - a +0 pair of gloves (worn)
 g - a +0 pair of boots (worn)
 o - a +0 hat of willpower (worn)
 u - a +0 buckler (worn)
 G - a +2 cloak (worn)
Jewellery
 c - a +6 ring of strength (right hand)
 q - a +5 ring of evasion (left hand)
 r - a ring of see invisible
 v - a ring of protection from cold
Wands
 j - a wand of flame (66)
 s - a wand of paralysis (7)
 t - a wand of light (6)
 D - a wand of mindburst (6)
Scrolls
 a - 6 scrolls of teleportation
 d - a scroll of poison
 e - 2 scrolls of amnesia
 k - a scroll of blinking
Potions
 l - 2 potions of brilliance
 m - a potion of curing
 w - a potion of heal wounds
 x - a potion of ambrosia
 B - a potion of enlightenment
 C - a potion of cancellation
 E - 3 potions of magic
 F - a potion of resistance
 I - 3 potions of lignification
 J - a potion of mutation


   Skills:
 + Level 13.4 Fighting
 - Level 5.0 Maces & Flails
 - Level 7.1 Armour
 + Level 6.1 Dodging
 - Level 7.0 Shields
 - Level 10.0 Invocations
 - Level 6.0 Evocations


You had 11 spell levels left.
You didn't know any spells.
Your spell library contained the following spells:

 Spells                   Type           Power      Damage    Failure   Level
 Freeze                   Ice            0%         1d3       87%         1
 Ensorcelled Hibernation  Hex/Ice        0%         N/A       95%         2
 Frozen Ramparts          Ice            0%         1d1       99%         3
 Fugue of the Fallen      Necr           0%         N/A       99%         3
 Hailstorm                Conj/Ice       0%         3d5       99%         3
 Inner Flame              Hex/Fire       0%         N/A       99%         3
 Passwall                 Erth           0%         N/A       99%         3
 Swiftness                Air            0%         N/A       99%         3
 Anguish                  Hex/Necr       0%         N/A       100%        4
 Flame Wave               Conj/Fire      0%         2d4       100%        4
 Leda's Liquefaction      Alch/Erth      0%         N/A       100%        4
 Petrify                  Alch/Erth      0%         N/A       100%        4
 Sticky Flame             Fire/Alch      0%         2d4       100%        4
 Lee's Rapid Deconstruct  Erth           0%         3d4*      100%        5
 Metabolic Englaciation   Hex/Ice        0%         N/A       100%        5
 Bombard                  Conj/Erth      0%         9d1       100%        6


Dungeon Overview and Level Annotations

Branches:
Dungeon (11/15)            Temple (1/1) D:5            Lair (2/5) D:11
  Snake (0/4) Lair:2          Orc (0/2) D:9
  Swamp: Lair:2-3    Shoals: Lair:2-3

Altars:
Ashenzari
Cheibriados
Dithmenos
Elyvilon
Fedhas
Gozag
Hepliaklqana
Kikubaaqudgha
Makhleb
Nemelex Xobeh
Okawaru
Qazlal
Ru
Sif Muna
Trog
Uskayaw
Vehumet
Wu Jian
Xom
Yredelemnul
Zin
The Shining One

Portals:
Trove: D:10 (give +4 shadow dragon scales)

Annotations:
D:5 2 transporters, xzanthius's ghost, amateur VSCj
D:9 2 transporters, AbbaRin's ghost, novice DECj
Lair:2 Sonja


Innate Abilities, Weirdness & Mutations

You are immune to sickness and miasma.
Your stone body is resilient. (AC +8)
You are immune to poison.
You resist negative energy. (rN+)
You are resistant to electric shocks. (rElec)
You are resistant to unholy torment.
You are immune to petrification.


Message History

The wyvern bites you but does no damage.
Sonja hits you but does no damage. Space warps around you.
Sonja closely misses you. Sonja hits you but does no damage.
Space warps around you. Sonja attacks as she pursues you!
Sonja barely misses you. You block Sonja's attack.
Sonja hits you but does no damage.
You blink.
Sonja shouts, "Too slow!"
Sonja throws a curare-tipped dart.
The curare-tipped dart closely misses you.
The wyvern bites you! The rime drake misses you.
The wyvern completely misses you.
Sonja casts a spell.
Sonja blinks!
The wyvern misses you.
The blink frog blinks!
The rime drake attacks as it pursues you!
The rime drake misses you.
Sonja throws a curare-tipped dart.
The curare-tipped dart hits you. You resist.
The wyvern bites you but does no damage.
Sonja gestures wildly while chanting.
Sonja blinks!
The wyvern barely misses you.
A yak comes into view.
The yak bellows!
The wyvern attacks as it pursues you! The wyvern bites you. x2
* * * LOW HITPOINT WARNING * * *
A yak comes into view.
The blink frog blinks!
The wyvern attacks as it pursues you! The wyvern barely misses you.
A yak comes into view.
The yak bellows! x2
The wyvern attacks as it pursues you! The wyvern closely misses you.
The blink frog blinks!
Sonja closely misses you. Sonja hits you but does no damage.
Space warps around you.
* * * LOW HITPOINT WARNING * * *
Sonja closely misses you.
You completely miss Sonja. The wyvern misses you.
The yak gores you but does no damage. Sonja hits you but does no damage.
Sonja hits you with a +1 short sword of distortion.
* * * LOW HITPOINT WARNING * * *
Sonja hits you but does no damage. Space warps horribly around you!!
You die...
Sonja takes a bow.

**** #.........##........
###........#####......
#.........P# ##.....
#..........## ##.#§.
####........# #####
#*##..#.#### ##### ******
#.#P..### #####
*,*,,*####..kk## ***#####
**,,,,.......@P# **~######
***,*##P###YK##*** *~#~#####
*** #**#....,,,* **,~.~~~.#
#..F<.,,***~~~~~≈~..
*#.Y....***,~~~~~≈≈~~
*******~..Y...#**,~~≈~~~≈≈~
**~~~~~~P~~~....*,~~~≈..~≈≈~
*~~~~~~~~P~~...##~~~~≈.>.~≈~
**~~~~~~~~~~,,,,,**~~~≈~~~~≈~


You could see 3 yaks, a blink frog, a rime drake, Sonja and a wyvern.

Vanquished Creatures
  Gastronok (Lair:1)
  A hydra (Lair:1)
  Erica (D:9)
  A centaur warrior (D:10)
  3 two-headed ogres
  Urug (Lair:1)
  Amaemon (Lair:1)
  A skeletal warrior (D:11)
  A manticore (D:11)
  Maurice (D:7)
  An orange demon (Lair:1)
  An unseen horror (D:10)
  A gargoyle (D:6)
  Maggie (D:7)
  A kobold demonologist (D:11)
  3 cane toads (Lair:1)
  A rime drake (Lair:1)
  2 trolls
  A hornet (D:10)
  5 blink frogs (Lair:1)
  A shadow (D:11)
  Sigmund (D:3)
  9 yaks
  2 wraiths
  A wyvern (D:6)
  2 steam dragons (D:7)
  5 vampire mosquitoes (D:11)
  3 water moccasins
  2 orc warriors
  2 black bears
  3 ice beasts
  A sky beast (D:7)
  3 centaurs
  2 kobold brigands
  8 bullfrogs
  A gnoll sergeant (D:10)
  4 scorpions
  13 wights
  2 howler monkeys
  8 electric eels (D:9)
  3 bombardier beetles
  5 hounds
  5 orc priests
  A gnoll bouda (D:7)
  2 jellies
  3 orc wizards
  A sleepcap (D:6)
  3 iguanas
  14 gnolls
  3 adders
  2 white imps
  9 ufetubi
  6 dart slugs
  A ribbon worm (D:5)
  21 orcs
  5 ball pythons
  3 bats
  6 endoplasms
  6 goblins
  11 hobgoblins
  11 jackals
  18 kobolds
  4 quokkas
  2 frilled lizards (D:1)
  3 rats
250 creatures vanquished.

Vanquished Creatures (others)
  An ufetubus (D:7)
1 creature vanquished.

Grand Total: 251 creatures vanquished

Notes
Turn   | Place    | Note
-------+----------+-------------------------------------------
     0 | D:1      | Fractals the Gargoyle Monk began the quest for the Orb.
     0 | D:1      | Reached XP level 1. HP: 14/14 MP: 1/1
   151 | D:1      | Reached XP level 2. HP: 19/19 MP: 2/2
   640 | D:1      | Reached XP level 3. HP: 23/24 MP: 3/3
   652 | D:1      | Reached skill level 4 in Fighting
  1351 | D:2      | Reached XP level 4. HP: 30/30 MP: 4/4
  1686 | D:3      | Noticed Sigmund
  1711 | D:3      | Killed Sigmund
  1712 | D:3      | Reached skill level 5 in Fighting
  1712 | D:3      | Reached XP level 5. HP: 22/36 MP: 5/5
  1876 | D:3      | Reached XP level 6. HP: 41/41 MP: 6/6
  1975 | D:3      | Reached skill level 6 in Fighting
  2298 | D:3      | Found a glowing silver altar of Zin.
  2306 | D:3      | Became a worshipper of Zin the Law-Giver
  2306 | D:3      | Reached * piety under Zin
  2306 | D:3      | Reached ** piety under Zin
  2429 | D:4      | Found a shimmering blue altar of Sif Muna.
  2494 | D:4      | Found a blossoming altar of Fedhas.
  2542 | D:4      | Reached *** piety under Zin
  2819 | D:5      | Entered Level 5 of the Dungeon
  2850 | D:5      | Reached XP level 7. HP: 37/47 MP: 7/7
  2993 | D:5      | Found a staircase to the Ecumenical Temple.
  3001 | Temple   | Entered the Ecumenical Temple
  3034 | Temple   | Fell from the grace of Zin
  3034 | Temple   | Became a worshipper of the Shining One
  3034 | Temple   | Reached * piety under the Shining One
  3091 | D:5      | Found a transporter.
  3091 | D:5      | Noticed xzanthius's ghost (amateur VSCj)
  3151 | D:5      | Reached ** piety under the Shining One
  3322 | D:5      | Found a transporter.
  3451 | D:5      | Reached skill level 1 in Shields
  3759 | D:5      | Reached skill level 5 in Armour
  3780 | D:6      | Reached skill level 7 in Fighting
  3835 | D:6      | Reached XP level 8. HP: 49/54 MP: 8/8
  3888 | D:6      | Reached skill level 8 in Fighting
  4304 | D:6      | Noticed a gargoyle
  4323 | D:6      | Reached skill level 5 in Shields
  4325 | D:6      | Killed a gargoyle
  4326 | D:6      | Reached skill level 9 in Fighting
  4326 | D:6      | Reached XP level 9. HP: 46/60 MP: 9/9
  4340 | D:6      | Reached *** piety under the Shining One
  4774 | D:6      | Reached skill level 10 in Fighting
  4979 | D:7      | Found a hazy altar of Hepliaklqana.
  5122 | D:7      | Reached skill level 11 in Fighting
  5243 | D:7      | Found a flagged portal.
  5383 | D:7      | Reached skill level 1 in Invocations
  5395 | D:7      | Noticed Maggie
  5412 | D:7      | Killed Maggie
  5413 | D:7      | Reached XP level 10. HP: 16/69 MP: 9/11
  5864 | D:7      | Reached skill level 5 in Dodging
  5988 | D:7      | Noticed Maurice
  6013 | D:7      | Maurice stole a ring of protection from cold
  6016 | D:7      | Killed Maurice
  6017 | D:7      | Reached skill level 1 in Evocations
  6379 | D:8      | Found a sparkling altar of Nemelex Xobeh.
  6509 | D:8      | Reached **** piety under the Shining One
  6796 | D:8      | Noticed a two-headed ogre
  6808 | D:8      | Killed a two-headed ogre
  6809 | D:8      | Reached skill level 5 in Invocations
  7134 | D:9      | Found a staircase to the Orcish Mines.
  7134 | D:9      | Found a transporter.
  7135 | D:9      | Noticed a two-headed ogre
  7280 | D:9      | Noticed a moth of wrath
  7289 | D:9      | Noticed a tengu warrior
  7712 | D:9      | Found an ancient bone altar of Kikubaaqudgha.
  7733 | D:9      | Found a bloodstained altar of Trog.
  7741 | D:9      | Found a sacrificial altar of Ru.
  7997 | D:9      | Noticed a two-headed ogre
  8020 | D:9      | Killed a two-headed ogre
  8021 | D:9      | Reached skill level 5 in Evocations
  8021 | D:9      | Reached XP level 11. HP: 42/74 MP: 16/16
  8267 | D:9      | Noticed Erica
  8282 | D:9      | Killed Erica
  8534 | D:9      | Noticed AbbaRin's ghost (novice DECj)
  8538 | D:9      | Found a bloodstained altar of Trog.
  8546 | D:9      | Found a transporter.
  8702 | D:10     | Entered Level 10 of the Dungeon
  8793 | D:10     | Found a white marble altar of Elyvilon.
  9116 | D:10     | Found a portal to a secret trove of treasure.
  9196 | D:10     | Found a hide-covered altar of Uskayaw.
  9606 | D:10     | Noticed a centaur warrior
  9616 | D:10     | Killed a centaur warrior
  9850 | D:11     | Reached ***** piety under the Shining One
  9885 | D:11     | Noticed a manticore
  9893 | D:11     | Killed a manticore
  9894 | D:11     | Reached skill level 5 in Maces & Flails
 10030 | D:11     | HP: 3/74 [ice devil[a kobold demonologist] (15)]
 10354 | D:11     | Found a staircase to the Lair.
 10423 | D:11     | Noticed a two-headed ogre
 10435 | D:11     | Killed a two-headed ogre
 11078 | D:11     | Noticed a skeletal warrior
 11100 | D:11     | Killed a skeletal warrior
 11101 | D:11     | Reached skill level 10 in Invocations
 11129 | D:11     | Noticed a skeletal warrior
 11132 | D:11     | Noticed a skeletal warrior
 11456 | D:10     | The Shining One protects you from harm!
 11846 | Lair:1   | Entered Level 1 of the Lair of Beasts
 11868 | D:11     | Reached skill level 12 in Fighting
 12114 | Lair:1   | Reached XP level 12. HP: 25/81 MP: 19/19
 12669 | Lair:1   | Noticed Urug
 12688 | Lair:1   | Killed Urug
 12876 | Lair:1   | Noticed an eight-headed hydra
 12905 | Lair:1   | Killed an eight-headed hydra
 13394 | Lair:1   | Reached skill level 13 in Fighting
 13462 | Lair:1   | Noticed Amaemon
 13492 | Lair:1   | Killed Amaemon
 13645 | Lair:1   | Noticed Gastronok
 13669 | Lair:1   | Killed Gastronok
 14435 | Lair:2   | Noticed Sonja
 14478 | Lair:2   | Slain by Sonja

Illustrated notes

Levels and vault maps discovered:
D:1:      sevenhm_arrival_forest_fort_large_2, layout_basic, minivault_27
D:2:      layout_loops_ring
D:3:      layout_basic, lemuel_coloured_pillars_altar, nicolae_eternal_life,
          uniq_sigmund
D:4:      layout_rooms, fedhas_altar_1, lemuel_crystal_altar
D:5:      layout_loops_ring, minmay_temple_entry_arrows,
          gammafunk_ghost_stat_death, roderic_roman_lattice
D:6:      layout_rooms, minmay_fountain_box, grunt_potential
D:7:      layout_loops_ring, mainiacjoe_overflow_small_starburst,
          enter_bailey_2, dk_rats_in_the_wall, uniq_maurice, uniq_maggie
D:8:      layout_loops_ring, kennysheep_mini_moat, lightli_corner_chamber
D:9:      layout_basic, mainiacjoe_overflow_paths,
          mainiacjoe_overflow_divided_tiny, gammafunk_ghost_wrathful_warriors,
          uniq_erica
D:10:     layout_loops_ring, nicolae_uskayaw_dance_studio, elyvilon_altar_1,
          enter_trove_6
D:11:     layout_cave_pods, lair_entry_dummy
Temple:   hellmonk_temple_two_chambers
Lair:1:   layout_cave_pods, uniq_urug, uniq_amaemon, uniq_gastronok
Lair:2:   layout_cave_pods, dummy_snake_entry, serial_bayou_shore_a,
          grunt_megastairs_5, infiniplex_staircase_pool_2, uniq_sonja

Skill      XL: |  1  2  3  4  5  6  7  8  9 10 11 12 |
---------------+-------------------------------------+-----
Fighting       | 4 5 6 7 9 11 12 13 | 13.4
Dodging        | 3 4 5 6 |  6.1
Armour         | 3 4 5 7 |  7.1
Shields        | 3 6 7 |  7.0
Invocations    | 2 7 10 | 10.0
Evocations     | 5 6 |  6.0
Maces & Flails | 5 |  5.0

Action                     |  1- 3 |  4- 6 |  7- 9 | 10-12 || total
---------------------------+-------+-------+-------+-------++-------
  Melee: Mace              |   130 |       |       |       ||   130
         Flail             |       |    75 |   238 |   534 ||   847
 Invoke: Divine Shield     |       |       |     1 |     2 ||     3
         Cleansing Flame   |       |       |       |     2 ||     2
  Evoke: Wand              |       |       |       |    10 ||    10
    Use: Scroll            |     3 |     1 |     4 |    21 ||    29
         Potion            |       |     1 |     2 |     6 ||     9
 Armour: Robe              |    74 |       |       |       ||    74
         Ring mail         |    17 |    33 |    99 |       ||   149
         Chain mail        |       |       |    68 |   607 ||   675
         Skin              |       |       |    17 |       ||    17
  Dodge: Dodged            |    97 |    51 |   259 |   566 ||   973
  Block: Buckler           |       |       |    79 |   224 ||   303
